 Dungeon Crawl Stone Soup version bcrawl-1.21.3 (webtiles) character file.

Game seed: 14347830346606011949

520 Flugslaktarn the Skirmisher (level 7, -13/44 HPs)
             Began as a Skeleton Archaeologist on Mar 30, 2020.
             Mangled by Menkaure (14 damage)
             ... on level 4 of the Dungeon.
             The game lasted 00:02:15 (3543 turns).

Flugslaktarn the Skirmisher (SkAc)                  Turns: 3543, Time: 00:02:16

Health: -13/44     AC: 14    Str: 19 (20) XL:     7   Next: 1%
Magic:  0/7        EV:  9    Int: 11 (12) God:
Gold:   184        SH:  0    Dex:  7      Spells: 6/6 levels left

rFire    . . .     SeeInvis .   k - +0 war axe
rCold    + . .     Gourm    .   (no shield)
rNeg     + + +     Faith    .   i - +0 chain mail
rPois    ∞         Spirit   +   c - +1 hat
rElec    .         Reflect  .   h - +0 cloak
rCorr    .         Harm     .   (no gloves)
MR       +....                  p - +2 pair of boots
Stlth    ..........             (no amulet)
HPRegen  0.14/turn              (no ring)
MPRegen  0.10/turn              (no ring)

@: no status effects
A: no food or potions, cold resistance 1, deterioration 1, negative energy
resistance 3, powered by death 1, torment resistance, unbreathing, magic shield,
sturdy frame 1, spell healing
a: no special abilities


You were on level 4 of the Dungeon.
You were not hungry.

You visited 2 branches of the dungeon, and saw 5 of its levels.

You collected 184 gold pieces.

Inventory:

Hand Weapons
 a - a +0 whip
 k - a +0 war axe (weapon)
   (You found it on level 3 of the Dungeon)
 o - a +0 hand axe
   (You took it off Terence on level 2 of the Dungeon)
Armour
 c - a +1 hat (worn)
 d - a +1 pair of boots
 h - a +0 cloak (worn)
   (You found it on level 1 of the Dungeon)
 i - a +0 chain mail (worn)
   (You found it on level 1 of the Dungeon)
 p - a +2 pair of boots (worn)
   (You found it on level 3 of the Dungeon)
Jewellery
 b - a +2 ring of strength {unknown}
   (You found it on level 3 of the Dungeon)
Scrolls
 e - 2 scrolls of magic mapping
 f - a scroll of acquirement
 g - 2 scrolls of fear
 l - a scroll of enchant weapon
 m - 2 scrolls of immolation
 r - 2 scrolls of identify
 t - a scroll of teleportation
 x - 2 scrolls of remove curse
 z - a scroll of blinking


   Skills:
 + Level 5.1 Fighting
 * Level 4.9(5.0) Axes
 - Level 1.2(3.3) Maces & Flails
 + Level 3.0 Armour
 - Level 3.0 Dodging
 - Level 3.6 Stealth


You had 6 spell levels left.
You didn't know any spells.
Your spell library was empty.

Dungeon Overview and Level Annotations

Branches:
Dungeon (4/12)             Temple (1/1) D:4

Altars:
Ashenzari
Cheibriados
Dithmenos
Fedhas
Hepliaklqana
Kikubaaqudgha
Nemelex Xobeh
Okawaru
Qazlal
Ru
Sif Muna
Trog
Uskayaw
Vehumet
Wu Jian
Xom
Yredelemnul
Zin
The Shining One

Annotations:
D:3 3 runed translucent doors, yrara's ghost, amateur DsFi
D:4 Menkaure


Innate Abilities, Weirdness & Mutations

You do not eat or drink.
You are immune to poison.
Your flesh is cold resistant. (rC+)
Your body sometimes deteriorates upon taking damage.
You are immune to negative energy. (rN+++)
You regenerate a little health from kills.
You are immune to unholy pain and torment.
You can survive without breathing.
When hurt, damage is shared between your health and your magic reserves.
Your movements are slightly less encumbered by armour. (ER -2)
Casting spells heals you.


Message History

You are too injured to fight recklessly!
You are too injured to fight recklessly!
You are too injured to fight recklessly!
You are too injured to fight recklessly!
You are too injured to fight recklessly!
You hit Menkaure.
Menkaure is moderately damaged.
Menkaure barely misses you.
You hit Menkaure.
Menkaure is heavily damaged.
Menkaure hits you!
* * * LOW HITPOINT WARNING * * *
Menkaure barely misses you.
You slash Menkaure!
Menkaure is almost destroyed.
Menkaure hits you but does no damage. Menkaure closely misses you.
You hit Menkaure but do no damage.
Menkaure is almost destroyed.
Menkaure hits you!
You die...

...........[..#...#.####.####.#.#
..........).#.....#.# .....)#.#.#
..........).#.....#.#.##.##!#.#.#
..................#.#.#...#.#.#.#
...........#...>........_.......#
...........#....†##.#.#...#.#.###
........>#.#.....##.#.##.##.#.#
........#..#.##..##.#.......#.#
#.....[##..M.#.M@.#.####.####.#
..#....##..##...†.#..(........#
###....#..###..##.######.######
...............##.##..........#
###...[....................##.#
..........#.######.#..........#
.###...####.# #.####.8.8.8.#
...))....#..# #..# #..⌠.⌠..#
##.#.#)#.#.## ##.###.8.>.8.#


You could see Menkaure.

Vanquished Creatures
  A sky beast (D:4)
  An ogre (D:4)
  A crimson imp (D:4)
  A bullfrog zombie (D:4)
  An orc wizard (D:3)
  4 worker ants (D:4)
  Terence (D:2)
  A hound skeleton (D:4)
  2 adders
  2 worms (D:2)
  4 dart slugs
  5 leopard geckos
  13 orcs
  7 bats
  2 giant cockroaches
  3 goblins
  13 hobgoblins
  2 quokkas (D:4)
  A ball python (D:4)
  A frilled lizard (D:1)
  8 kobolds
  7 rats
81 creatures vanquished.

Notes
Turn   | Place    | Note
-------+----------+-------------------------------------------
     0 | D:1      | Flugslaktarn the Skeleton Archaeologist began the quest for
                  | the Orb.
     0 | D:1      | Reached XP level 1. HP: 12/12 MP: 1/1
   308 | D:1      | Reached skill level 2 in Fighting
   316 | D:1      | Reached XP level 2. HP: 12/17 MP: 2/2
   874 | D:1      | Reached skill level 3 in Fighting
   876 | D:1      | Reached XP level 3. HP: 22/23 MP: 3/3
  1658 | D:2      | Noticed Terence
  1689 | D:2      | Killed Terence
  1689 | D:2      | Reached skill level 4 in Fighting
  1689 | D:2      | Reached XP level 4. HP: 21/29 MP: 4/4
  2062 | D:3      | Found a runed translucent gate.
  2062 | D:3      | Found a runed translucent gate.
  2062 | D:3      | Found a runed translucent gate.
  2063 | D:3      | Noticed yrara's ghost (amateur DsFi)
  2063 | D:3      | Noticed a big kobold
  2064 | D:3      | Noticed a big kobold
  2064 | D:3      | Noticed a big kobold
  2252 | D:3      | Reached skill level 1 in Axes
  2424 | D:3      | Found a sparkling altar of Nemelex Xobeh.
  2469 | D:3      | Reached skill level 1 in Armour
  2469 | D:3      | Reached XP level 5. HP: 28/34 MP: 5/5
  2469 | D:3      | Identified a scroll of acquirement
  2838 | D:4      | Noticed an ogre
  2863 | D:4      | Killed an ogre
  2881 | D:4      | Gained mutation: You regenerate a little health from kills.
                  | [Skeleton growth]
  2881 | D:4      | Reached XP level 6. HP: 16/39 MP: 6/6
  3158 | D:4      | Noticed a sky beast
  3181 | D:4      | Killed a sky beast
  3181 | D:4      | Reached skill level 5 in Fighting
  3223 | D:4      | Found a staircase to the Ecumenical Temple.
  3229 | Temple   | Entered the Ecumenical Temple
  3324 | D:4      | Found a sacrificial altar of Ru.
  3410 | D:4      | Noticed Menkaure
  3538 | D:4      | Reached XP level 7. HP: 34/44 MP: 4/7
  3541 | D:4      | HP: 1/44 [Menkaure (11)]
  3543 | D:4      | Mangled by Menkaure

Skill      XL: |  1  2  3  4  5  6 |
---------------+-------------------+-----
Fighting       | 2 3 4 5 |  5.1
Axes           | 1 3 4 |  4.9
Armour         | 1 2 3 |  3.0
Maces & Flails | |  1.2
Dodging        | |  3.0
Stealth        | |  3.6

Action                   |  1- 3 |  4- 6 |  7- 9 || total
-------------------------+-------+-------+-------++-------
Melee: Whip              |   196 |    35 |       ||   231
       War axe           |       |   156 |     5 ||   161
  Use: Scroll            |       |     6 |       ||     6
Armor: Robe              |    34 |       |       ||    34
       Chain mail        |    74 |   163 |     1 ||   238
Dodge: Dodged            |   130 |   122 |     4 ||   256
